[Event "*** Titled Tuesday Blitz"]
[Site "Chess.com"]
[Date "2020.05.05"]
[Round "9"]
[White "Sosat98"]
[Black "ZverevLev"]
[Result "1-0"]
[WhiteElo "2641"]
[BlackElo "2096"]
[TimeControl "180+1"]
[EndTime "11:48:58 PDT"]
[Termination "Sosat98 won by checkmate"]

1. d4 Nf6 2. Nf3 d5 3. c3 e6 4. Bf4 c5 5. e3 Nc6 6. Nbd2 b6 7. Bb5 Bb7 8. Qa4 Rc8 9. Ne5 a6 10. Bxa6 Bxa6 11. Qxa6 Bd6 12. Qb5 Qc7 13. Nxc6 Qxc6 14. Qxc6+ Rxc6 15. Bxd6 Rxd6 16. Ke2 Ke7 17. b4 c4 18. a4 Nd7 19. e4 Rc6 20. exd5 exd5 21.
Rhe1 Re6+ 22. Kf3 Nf8 23. Rxe6+ Nxe6 24. a5 b5 25. Re1 Kd6 26. h4 Re8 27. Re3 h5 28.
Re5 g6 29. g4 hxg4+ 30. Kxg4 f6 31. Re3 Rh8 32. Rh3 f5+ 33. Kg3 Ng7 34. Nf3 Nh5+ 35.
Kh2 Nf4 36. Rg3 Kc7 37. Rg5 Ne2 38. Rxg6 Nxc3 39. a6 Ne4 40. Kg2 c3 41. Ne5 c2 42.
Rc6+ Kb8 43. Rxc2 Rxh4 44. Nc6+ Ka8 45. f3 Nd6 46. Re2 Rh6 47. Re7 Rg6+ 48. Kf1 Nc8 49.
Rc7 Rg8 50. Rb7 Nd6 51. Ra7# 1-0

[Event "*** Titled Tuesday Blitz"]
[Site "Chess.com"]
[Date "2020.05.05"]
[Round "9"]
[White "Love_craft"]
[Black "pollo2016"]
[Result "1-0"]
[WhiteElo "2486"]
[BlackElo "2564"]
[TimeControl "180+1"]
[EndTime "11:48:59 PDT"]
[Termination "Love_craft won by resignation"]

1. d4 Nf6 2. c4 c5 3. d5 g6 4. Nc3 Bg7 5. Nf3 O-O 6. Bf4 d6 7. h3 a6 8. a4 Nbd7 9. e3 Ne8 10. Bd3 Nc7 11. h4 h5 12. Qd2 Nf6 13. a5 e5 14.
Bg5 Qe8 15. e4 Nh7 16. Be3 f5 17. Qc2 Rb8 18. Na4 fxe4 19. Bxe4 Bf5 20. Nb6 Bxe4 21. Qxe4 Nf6 22. Qc2 e4 23. Ng5 Qe5 24. O-O-O Rbe8 25. Bd2 Ng4 26. Bc3 Qf4+ 27. Kb1 Qxf2 28. Rd2 Qg3 29. Bxg7 Kxg7 30. Nxe4 Qf4 31. Qc3+ Ne5 32. Ng5 Rf5 33. Re2 Qg4 34. Rhe1 Ref8 35. Rxe5 dxe5 36.
Rxe5 Rxe5 37. Qxe5+ Kh6 38. Qxc7 Qxh4 39. Qh7+ Kxg5 40.
Qe7+ Kg4 41. Qxf8 Qh1+ 42. Ka2 Qxg2 43. Qc8+ Kg5 44. Qd8+ Kh6 45. Qh8+ Kg5 46. Qd8+ Kh6 47. d6 h4 48. Qh8+ Kg5 49. d7 Qd2 50. d8=Q+ Qxd8 51. Qxd8+ Kg4 52. Qd7+ Kg3 53. Qd6+ Kf2 54. Qxg6 h3 55.
Qf5+ 1-0

[Event "*** Titled Tuesday Blitz"]
[Site "Chess.com"]
[Date "2020.05.05"]
[Round "9"]
[White "PauloCesarCosta_sad"]
[Black "SARGISMV"]
[Result "0-1"]
[WhiteElo "2213"]
[BlackElo "2452"]
[TimeControl "180+1"]
[EndTime "11:49:00 PDT"]
[Termination "SARGISMV won on time"]

1. Nf3 Nc6 2. d4 d5 3. Bf4 Bg4 4. e3 Nf6 5. Be2 e6 6. O-O Nh5 7. Be5 Nxe5 8. Nxe5 Bxe2 9. Qxe2 Nf6 10. c4 c6 11. Nc3 Bd6 12. cxd5 exd5 13. f4 O-O 14. Ng4 Re8 15. Nxf6+ Qxf6 16. Rae1 Re7 17. Qf3 Rae8 18.
Re2 Qf5 19. Rfe1 Bb4 20. Qh3 Qxh3 21. gxh3 g6 22. Kf2 Kg7 23. Kf3 Kf6 24. a3 Bxc3 25.
bxc3 b5 26. Ra1 a5 27. Rb1 a4 28. Rg1 Ke6 29. Rg5 Kd6 30. Re5 f6 31. Rxe7 Rxe7 32.
h4 c5 33. Rb2 Rb7 34. e4 cxd4 35. cxd4 dxe4+ 36. Kxe4 b4 37. axb4 f5+ 38. Kd3 Kd5 39. b5 Rb6 40. Kc3 a3 41. Ra2 Rxb5 42. Rxa3 Rb1 43.
Ra7 Rc1+ 44. Kd2 Rh1 45. Rxh7 Kxd4 46. Rh6 Rxh2+ 47. Kc1 Rg2 48. h5 gxh5 49. Rxh5 Ke4 50. Rg5 Ra2 51. Kb1 Rd2 52. Kc1 Rd5 53. Rg8 Kxf4 54.
Rh8 Ke3 55. Re8+ Kf3 56. Rf8 f4 0-1

[Event "*** Titled Tuesday Blitz"]
[Site "Chess.com"]
[Date "2020.05.05"]
[Round "9"]
[White "bazar-wokzal"]
[Black "2346PL"]
[Result "1-0"]
[WhiteElo "2528"]
[BlackElo "2365"]
[TimeControl "180+1"]
[EndTime "11:49:00 PDT"]
[Termination "bazar-wokzal won on time"]

1. e4 c5 2. c3 Nf6 3. e5 Nd5 4. Bc4 Nb6 5. Bb3 d5 6. exd6 Qxd6 7. d4 cxd4 8. Nf3 Nc6 9. Na3 a6 10. O-O e6 11. Nxd4 Nxd4 12. cxd4 Be7 13. Qf3 O-O 14. Nc2 Nd5 15. Ne3 Nxe3 16. Bxe3 Bd7 17. Qxb7 Bc6 18. Qb6 Rfb8 19. Qa5 Rb5 20. Qd2 Rh5 21. Bf4 Qd7 22.
Rac1 g5 23. Bg3 Bd6 24. Bd1 Rh6 25. Qxg5+ Rg6 26. Qe3 Bb5 27. Be2 Bxe2 28. Qxe2 Bxg3 29. hxg3 Qxd4 30. Rfd1 Qb6 31. Rd7 Rxg3 32. Rcc7 Rg7 33. Rxf7 Rxf7 34. Qg4+ Kf8 35. Rxf7+ Kxf7 36. Qf3+ Kg7 37.
Qxa8 Qxb2 38. Qa7+ Kf6 39. Qxh7 Qa1+ 40. Kh2 Qxa2 41.
Qh8+ Ke7 42. Qg7+ Ke8 43. Qg6+ Ke7 44. Qg5+ Kd7 45. Qg7+ Kd6 46. Qd4+ Ke7 47. g4 a5 48. g5 Qd5 49. Qf6+ Kd6 50. g6 Qh5+ 51. Kg3 Qd5 52. g7 Qd3+ 53. f3 Qf1 54. Qd8+ Ke5 55. g8=Q Qg1+ 56. Kh4 Qh2+ 57. Kg5 Qg3+ 58. Kh6 Qh3+ 59. Kg7 Qg3+ 60. Kf8 1-0

[Event "*** Titled Tuesday Blitz"]
[Site "Chess.com"]
[Date "2020.05.05"]
[Round "9"]
[White "Winehouse83"]
[Black "Jaka_Brilej"]
[Result "1/2-1/2"]
[WhiteElo "2507"]
[BlackElo "2378"]
[TimeControl "180+1"]
[EndTime "11:49:01 PDT"]
[Termination "Game drawn by stalemate"]

1. d4 f5 2. Nf3 Nf6 3. g3 g6 4. Bg2 Bg7 5. O-O O-O 6. c4 d6 7. Nc3 c6 8. d5 e5 9. dxe6 Bxe6 10. b3 Qe7 11. Ba3 Rd8 12. Nd4 Bf7 13. Re1 Na6 14.
e4 fxe4 15. Nxe4 Nxe4 16. Bxe4 Qf6 17. Nc2 Nc5 18. Bg2 Re8 19. Rb1 Rad8 20. Bb2 Rxe1+ 21.
Qxe1 Qe6 22. Bxg7 Qxe1+ 23. Rxe1 Kxg7 24. Rd1 Na6 25. f4 Nc7 26. Ne3 Kf6 27. Kf2 Be6 28.
h3 Ke7 29. g4 Rf8 30. Kg3 Ne8 31. Be4 Nf6 32. Bc2 Ne8 33. f5 gxf5 34. Bxf5 Ng7 35. Bxh7 Rh8 36. Bc2 Rg8 37. Kh2 Rf8 38. Rf1 Rd8 39.
Kg3 d5 40. cxd5 cxd5 41. Rd1 d4 42. Ng2 Rc8 43. Bd3 a5 44. Nf4 Bg8 45. Be4 Rc3+ 46. Kf2 a4 47. bxa4 Rc4 48. a5 Ra4 49. Bxb7 Rxa2+ 50.
Kg3 Rxa5 51. Rxd4 Kf6 52. Rd8 Bf7 53. Bf3 Ra4 54. h4 Rxf4 55. Rd6+ Ke7 56. Kxf4 Kxd6 57.
Kg5 Ke7 58. Kh6 Ne6 59. h5 Kf8 60. Bd5 Nf4 61. Be4 Ne6 62. g5 Nxg5 63. Kxg5 Kg8 64. h6 Kh8 65. Kf6 Be8 66. Bg6 Bxg6 67. Kxg6 Kg8 68.
h7+ Kh8 69. Kh6 1/2-1/2

[Event "*** Titled Tuesday Blitz"]
[Site "Chess.com"]
[Date "2020.05.05"]
[Round "9"]
[White "VincentKeymer"]
[Black "LiemLe"]
[Result "1/2-1/2"]
[WhiteElo "2726"]
[BlackElo "2956"]
[TimeControl "180+1"]
[EndTime "11:49:03 PDT"]
[Termination "Game drawn - insufficient material"]

1. Nf3 Nf6 2. c4 b6 3. d4 e6 4.
g3 Bb7 5. Bg2 g6 6. O-O Bg7 7.
b3 O-O 8. Bb2 d6 9. Nc3 Nbd7 10.
Qd3 e5 11. e4 exd4 12. Nxd4 Nc5 13. Qc2 Re8 14. Rfe1 a5 15. Rad1 h5 16. h3 Re7 17. a3 Qe8 18. f3 d5 19. cxd5 Nxd5 20. Nxd5 Bxd5 21. b4 axb4 22. axb4 Na4 23. Ba1 Bb7 24.
Bf1 c5 25. bxc5 Nxc5 26. Nb5 Bxa1 27. Rxa1 Rxa1 28. Rxa1 Rd7 29. Rd1 Ba6 30. Nc3 Rxd1 31. Qxd1 Qe5 32. Bxa6 Qxg3+ 33. Kf1 Qxh3+ 34. Ke2 Nxa6 35.
Qd8+ Kh7 36. Nd5 Qe6 37. Nf6+ Kg7 38. Ne8+ Kh6 39. Nf6 Nc5 40. Nd5 Kg7 41. Qxb6 Qxb6 42. Nxb6 Kf6 43. Nd5+ Ke5 44. Ke3 g5 45. Nb4 h4 46.
Nc2 Ne6 47. Ne1 Nf4 48. Nc2 h3 49. Kf2 Nh5 50. Ne1 Kd4 51. Nc2+ Kd3 52. Nb4+ Kd4 53.
Nc2+ Ke5 54. Ne1 f6 55. Nc2 Nf4 56. Kg3 f5 57. exf5 Kxf5 58. Ne3+ Ke5 59. Ng4+ Kd4 60. Nf2 Ke3 61. Ne4 Ne6 62. Kxh3 Kxf3 63. Nxg5+ 1/2-1/2

[Event "*** Titled Tuesday Blitz"]
[Site "Chess.com"]
[Date "2020.05.05"]
[Round "9"]
[White "Grineva_Marianna"]
[Black "WonderChampion"]
[Result "0-1"]
[WhiteElo "2135"]
[BlackElo "1861"]
[TimeControl "180+1"]
[EndTime "11:49:03 PDT"]
[Termination "WonderChampion won on time"]

1. d4 d5 2. c4 e6 3. Nc3 c6 4. e3 Nf6 5. Nf3 Bd6 6. c5 Bc7 7. b4 O-O 8. Bd3 b6 9. O-O a5 10. b5 bxc5 11. dxc5 cxb5 12. Nxb5 Bd7 13. a4 Na6 14.
Ba3 e5 15. Nxc7 Qxc7 16. Bxa6 Rxa6 17. c6 Bxc6 18. Bxf8 Kxf8 19. Qe2 Ra8 20. Rfc1 Qd6 21. h3 Rc8 22. Qa6 Qc7 23. Nxe5 Qxe5 24. Qxc8+ Be8 25. Qc5+ Kg8 26. Qxa5 Ne4 27. Ra2 Qf5 28. Qd8 Qe6 29. Rc8 Nf6 30. Rb2 h6 31. a5 Kh7 32. a6 Qxa6 33. Qb6 Qxc8 34. g3 Qxh3 35. Qb8 Bd7 36. Qe5 Bg4 37. f3 Bxf3 38. Rh2 Qg4 39. Rh4 Qg6 40. Rf4 Qxg3+ 41. Kf1 Bg2+ 42. Ke2 Ne4 43. Qf5+ Kh8 44. Qc8+ Kh7 45. Qf5+ Kh8 46. Qxf7 Nc3+ 47. Kd3 Be4+ 48. Kxc3 Qxe3+ 49. Kb4 Qd4+ 50. Ka5 Qc5+ 51. Ka4 Qc6+ 52. Kb4 Qb6+ 53. Kc3 Qe3+ 54. Kb4 Qd2+ 55. Kc5 Qc3+ 56. Kd6 Qb4+ 57. Ke5 Qb8+ 58. Kd4 Qb2+ 59. Kc5 Qc3+ 60. Kd6 Qa3+ 61. Kd7 Qa7+ 0-1

[Event "*** Titled Tuesday Blitz"]
[Site "Chess.com"]
[Date "2020.05.05"]
[Round "9"]
[White "Rafael_Ventura"]
[Black "BasilSmash"]
[Result "0-1"]
[WhiteElo "2299"]
[BlackElo "2443"]
[TimeControl "180+1"]
[EndTime "11:49:04 PDT"]
[Termination "BasilSmash won by resignation"]

1. e4 c6 2. c4 d5 3. cxd5 cxd5 4. exd5 Nf6 5. Nc3 Nxd5 6. Nf3 Nc6 7. d4 g6 8. Qb3 e6 9. Bb5 Bg7 10. O-O O-O 11.
Rd1 Na5 12. Qa3 a6 13. Bf1 Nc6 14. Ne4 Re8 15. Bg5 f6 16. Bh4 b6 17. Rac1 Bb7 18.
Nd6 Bf8 19. Nxb7 Qd7 20. Nc5 bxc5 21. dxc5 Qb7 22. b3 a5 23. Qa4 Rec8 24. Bg3 Ncb4 25. Nd4 Kf7 26. Bb5 Rxc5 27. Rxc5 Bxc5 28. Bc4 Rd8 29.
a3 Na2 30. Qxa5 Bb6 31. Qb5 Nac3 32. Qa4 Nxa4 33. bxa4 Bxd4 34. Bb5 Qb6 35. h3 Nc3 36.
Re1 Nxb5 37. axb5 e5 38. Rb1 Rc8 39. a4 Rc2 40. a5 Qxa5 41. b6 Bxb6 42. Rf1 Bd4 43.
Kh2 f5 44. Bh4 h6 45. f4 e4 46. Be1 Qa4 47. Bg3 Qa2 48. Rg1 Bxg1+ 49. Kxg1 Qb1+ 50. Kh2 Qb2 51. Kg1 Qb3 52. Be1 Qc4 53. Bf2 Qd3 0-1

[Event "*** Titled Tuesday Blitz"]
[Site "Chess.com"]
[Date "2020.05.05"]
[Round "9"]
[White "afgano29"]
[Black "Zq1"]
[Result "0-1"]
[WhiteElo "2689"]
[BlackElo "2575"]
[TimeControl "180+1"]
[EndTime "11:49:05 PDT"]
[Termination "Zq1 won on time"]

1. d4 Nf6 2. c4 a6 3. Nc3 c5 4. d5 b5 5. cxb5 axb5 6. Nxb5 Qa5+ 7. Nc3 Bb7 8. Bd2 Qb6 9. e4 e6 10. Bc4 Nxe4 11. dxe6 fxe6 12. Nxe4 Bxe4 13. Ne2 Be7 14. Nc3 Bxg2 15. Rg1 Qb7 16. Qg4 Bf3 17. Qxg7 Rf8 18. Qxh7 Nc6 19. Qg6+ Kd8 20. b3 Nd4 21. Bh6 Rf6 22. Qh7 Rxh6 23. Qxh6 Nc2+ 24. Kd2 Nxa1 25. Rxa1 Qc6 26. Nb5 Kc8 27. Qg7 Bd8 28. Qe5 Bc7 29.
Nxc7 Qxc7 30. Qxc7+ Kxc7 31. a4 Rh8 32. Ke3 Bc6 33. Rc1 Rh3+ 34. Kd2 Rxh2 35. Ke2 Kb6 36. Ra1 Ka5 37. Rg1 d5 38. Bd3 e5 39. Rg8 e4 40.
Bc2 d4 41. Rd8 d3+ 42. Bxd3 exd3+ 43. Rxd3 Bb7 44. Rd8 Ba6+ 45. Kd2 Rxf2+ 46. Kc3 Rf3+ 47. Kb2 Rf6 48. Ra8 Kb6 49. Ka3 Bb7 50. Rh8 Rf3 51.
Rh4 Rd3 52. Rh6+ Ka5 53. Rh5 Bd5 54. Kb2 Kb4 0-1

[Event "*** Titled Tuesday Blitz"]
[Site "Chess.com"]
[Date "2020.05.05"]
[Round "9"]
[White "UmutErdemGunduz"]
[Black "salomez"]
[Result "1-0"]
[WhiteElo "2414"]
[BlackElo "2243"]
[TimeControl "180+1"]
[EndTime "11:49:05 PDT"]
[Termination "UmutErdemGunduz won by resignation"]

1. e4 c5 2. Nf3 e6 3. d4 cxd4 4. Nxd4 Nf6 5. Nc3 Nc6 6. Ndb5 d6 7. Bf4 e5 8. Bg5 a6 9. Na3 b5 10. Nd5 Be7 11. Bxf6 Bxf6 12. c4 b4 13. Nc2 O-O 14. g3 a5 15. h4 Ra7 16. Bh3 Be6 17. Kf1 g6 18. Kg2 Bg7 19. b3 f5 20. exf5 gxf5 21. f4 exf4 22. Nxf4 Bf7 23. Rb1 Qf6 24. Rf1 Ne5 25.
Nd5 Qh6 26. Bxf5 Bh5 27. Qd4 Raf7 28. Be4 Nf3 29. Qd3 Nd2 30. Bxh7+ Qxh7 31. Qxd2 Qe4+ 32.
Kg1 Rxf1+ 33. Rxf1 Rxf1+ 34. Kxf1 Qh1+ 35. Kf2 Qh2+ 36. Ke3 Bh6+ 37. Nf4 Qxd2+ 38. Kxd2 Bxf4+ 39. gxf4 Kf7 40. Ke3 Kf6 41. Nd4 Bd1 42. Nc6 a4 43.
bxa4 Bxa4 44. Nxb4 Kf5 45. Nd5 Bc2 46. Kd4 Bb1 47.
a4 Bc2 48. a5 Ba4 49. a6 Bc6 50. Ne7+ 1-0

[Event "*** Titled Tuesday Blitz"]
[Site "Chess.com"]
[Date "2020.05.05"]
[Round "9"]
[White "Ranindu2003"]
[Black "AlexZambrano"]
[Result "1/2-1/2"]
[WhiteElo "2467"]
[BlackElo "2290"]
[TimeControl "180+1"]
[EndTime "11:49:05 PDT"]
[Termination "Game drawn - timeout vs insufficient material"]

1. d4 Nf6 2. Bg5 d5 3. Nd2 g6 4. e3 Bg7 5. c3 O-O 6. Bxf6 Bxf6 7. f4 c5 8. Ngf3 cxd4 9. exd4 Qc7 10. g3 Nc6 11. Bg2 Bg4 12. O-O Rac8 13. h3 Bf5 14.
Qe2 Rfd8 15. g4 Be6 16. Ne5 Qd6 17. f5 gxf5 18. gxf5 Bd7 19. Ndf3 Bxf5 20. Nxf7 Kxf7 21. Ne5+ Nxe5 22. dxe5 Qxe5 23. Qh5+ Kg7 24. Rxf5 Qe3+ 25. Kh1 d4 26. Rf3 Qg5 27. Qxg5+ Bxg5 28. Rg3 Kh6 29.
cxd4 Rxd4 30. Re1 Rc2 31. Re6+ Bf6 32. Rb3 Rd1+ 33. Kh2 Rdd2 34. Rg3 Rxb2 35. h4 Rxa2 36. Kh3 b6 37. Re4 a5 38. Re6 b5 39. Rb6 b4 40.
Rb5 Rdb2 41. Bf3 Rh2+ 42. Kg4 a4 43. Rh5+ Kg7 44. Kf4+ Kh8 45. Be4 Raf2+ 46. Rf3 Rxf3+ 47.
Kxf3 b3 48. Rxh7+ Kg8 49. Rh5 a3 50. Rb5 b2 51. Kg4 Rxh4+ 52. Kf5 Rxe4 53. Kxe4 a2 54. Kf5 b1=Q+ 55. Rxb1 axb1=Q+ 56. Ke6 1/2-1/2

[Event "*** Titled Tuesday Blitz"]
[Site "Chess.com"]
[Date "2020.05.05"]
[Round "9"]
[White "ezkybel"]
[Black "Reader777"]
[Result "1-0"]
[WhiteElo "2473"]
[BlackElo "2579"]
[TimeControl "180+1"]
[EndTime "11:49:06 PDT"]
[Termination "ezkybel won by resignation"]

1. e4 c5 2. Nf3 d6 3. d4 cxd4 4. Nxd4 Nf6 5. Nc3 e6 6. g4 h6 7. h4 Nc6 8. Be3 Nxd4 9. Qxd4 Nxg4 10. O-O-O Nxe3 11. Qxe3 Bd7 12. f4 Qb6 13. Qg3 Rc8 14. f5 Qc5 15. Bh3 e5 16. f6 gxf6 17. Bxd7+ Kxd7 18. Rhf1 Be7 19. Rd5 Qc6 20. Rd3 Kc7 21.
Nd5+ Kb8 22. Rc3 Qa6 23. Rd1 Rxc3 24. Qxc3 Rc8 25. Qd3 Qxd3 26. Rxd3 Re8 27. Rg3 Kc8 28. Rg7 f5 29. Rxf7 Bxh4 30. exf5 Bg5+ 31. Kd1 e4 32.
Ke2 Re5 33. c4 b5 34. b3 bxc4 35. bxc4 Kd8 36. f6 Rf5 37. Rxa7 Bxf6 38. Rf7 Rxd5 39. cxd5 Bg5 40. a4 Kc8 41. a5 Kb8 42. a6 Ka8 43.
Rd7 Bf4 44. Rf7 Bg5 45. Rg7 Bf4 46. Rg6 Ka7 47. Rf6 Be5 48. Rxh6 Kxa6 49. Ke3 Kb5 50. Kxe4 Kc5 51. Re6 Bg7 52. Re7 Bf6 53. Rc7+ Kb5 54. Rc6 Be5 55. Kd3 Bf4 56. Ke4 Be5 57. Kf5 Kb4 58.
Ke6 Kb5 59. Kd7 Bd4 60. Kxd6 Be3 61. Ke6 Bf4 62. Rc8 Kb6 63. d6 Kb7 64. d7 Bg5 65. d8=Q Bxd8 66. Rxd8 Kc7 67. Rd7+ Kc8 68. Kd6 1-0

[Event "*** Titled Tuesday Blitz"]
[Site "Chess.com"]
[Date "2020.05.05"]
[Round "9"]
[White "Bulldog167"]
[Black "IMTominho"]
[Result "0-1"]
[WhiteElo "2925"]
[BlackElo "2825"]
[TimeControl "180+1"]
[EndTime "11:49:07 PDT"]
[Termination "IMTominho won by resignation"]

1. d4 d5 2. c4 c6 3. cxd5 cxd5 4. Bf4 Nf6 5. e3 Qb6 6. Nc3 Qxb2 7. Bb5+ Nc6 8.
Nge2 Bf5 9. O-O Rc8 10. Bd3 Bxd3 11. Qxd3 Qa3 12. Rab1 b6 13. Rb3 Qa5 14. Nb5 Nb4 15. Qd2 Qxb5 16. Rxb4 Qd7 17. Rbb1 e6 18. Rfc1 Rxc1+ 19.
Rxc1 Bd6 20. Bxd6 Ne4 21. Qc2 Nxd6 22. Qc7 Ke7 23. Qc2 g6 24. h3 Rc8 25. Qb2 h5 26. Rxc8 Qxc8 27. Qa3 Qc7 28. Nf4 Ke8 29. Nd3 Nc4 30. Qa6 Nd2 31. Qa4+ Qd7 32. Qb4 Nc4 33. h4 a5 34. Qb1 Qa4 35. g3 Ke7 36. Kg2 Qc6 37. Nf4 Nd2 38. Qd3 Ne4 39. Qb3 Nd6 40.
Nd3 Qb5 41. Qa3 Qc6 42. Ne5 Qc7 43. Kh2 b5 44. Qxa5 Qxa5 45. Nc6+ Kd7 46. Nxa5 b4 47. Kg2 Ne4 48. Nb3 Nc3 49. Nc1 Kc6 50. Kf1 Kb5 51. Ke1 Ka4 52. Kd2 Ka3 53. Kc2 Nxa2 54.
Nb3 Nc3 55. Nc5 Ne4 56. Nd3 b3+ 57. Kc1 Ka2 58. Nb4+ Ka1 59. Nd3 Nxf2 60. Nb4 Ne4 61. Nd3 Nxg3 62. e4 dxe4 63. Nb2 Ne2+ 64. Kd2 Kxb2 65.
d5 exd5 0-1

[Event "*** Titled Tuesday Blitz"]
[Site "Chess.com"]
[Date "2020.05.05"]
[Round "9"]
[White "LPSupi"]
[Black "giantslayer83"]
[Result "0-1"]
[WhiteElo "2899"]
[BlackElo "2727"]
[TimeControl "180+1"]
[EndTime "11:49:07 PDT"]
[Termination "giantslayer83 won on time"]

1. d4 Nf6 2. c4 e6 3. Nf3 d5 4. Nc3 Bb4 5. e3 O-O 6. Be2 b6 7. cxd5 exd5 8. O-O Bb7 9. Bd2 a6 10. Rc1 Bd6 11. Ne5 c5 12. Be1 Nc6 13. Ng4 Nxg4 14. Bxg4 cxd4 15. exd4 Ne7 16. Bd2 b5 17. Re1 Ng6 18.
g3 Qf6 19. Be3 Rad8 20. Bh3 Ne7 21. Qh5 Qg6 22. Qf3 Rfe8 23. Kg2 h6 24. Bf4 Qf6 25. Bxd6 Qxd6 26. Re3 Nc6 27. Rce1 Rxe3 28. Qxe3 Qf6 29.
Rd1 Kf8 30. Bg4 Ne7 31. Qd2 Nf5 32. Bxf5 Qxf5 33. Re1 Bc8 34. f3 Qh3+ 35. Kg1 Be6 36. Qf4 Kg8 37. Nd1 Rc8 38. Ne3 b4 39. Qd6 a5 40.
Qb6 h5 41. Qd6 h4 42. Qf4 a4 43. Qxh4 Qxh4 44. gxh4 a3 45. bxa3 bxa3 46. Rd1 Rc3 47.
Kf2 Kh7 48. Rd2 Kh6 49. Rc2 Rd3 50. Rc7 Rxd4 51. Ra7 Rd2+ 52. Kg3 Rxa2 53. Ra8 Kg6 54. h5+ Kxh5 55. Ng2 g5 56. h4 gxh4+ 57. Nxh4 Kg5 58. Ng2 Kf6 59. Nf4 Ra1 60. Nd3 a2 61. Kg2 d4 62.
Nc5 Bd5 0-1

[Event "*** Titled Tuesday Blitz"]
[Site "Chess.com"]
[Date "2020.05.05"]
[Round "9"]
[White "Batsai"]
[Black "Usurpov"]
[Result "0-1"]
[WhiteElo "2268"]
[BlackElo "2445"]
[TimeControl "180+1"]
[EndTime "11:49:07 PDT"]
[Termination "Usurpov won by checkmate"]

1. e4 c5 2. Nf3 e6 3. d4 cxd4 4. Nxd4 Nf6 5. Nc3 Nc6 6. Be3 Bb4 7. Nxc6 bxc6 8. e5 Nd5 9. Qg4 O-O 10. Bh6 g6 11. Bxf8 Qxf8 12. a3 Ba5 13. b4 Nxc3 14.
bxa5 Qc5 15. Bd3 Qxe5+ 16. Kd2 Nd5 17. Rhe1 Qc3+ 18. Ke2 Qxa5 19. Kf1 f5 20. Qd4 d6 21.
c4 Qc3 22. Qxc3 Nxc3 23. Bc2 Ba6 24. Bd3 Kf7 25. f4 Rb8 26. Rec1 Na4 27. Rab1 Re8 28.
Ke2 Nc5 29. Ke3 e5 30. fxe5 dxe5 31. Kd2 Rd8 32. Rc3 Ne4+ 33. Kc2 Nxc3 34. Kxc3 Ke6 35. Be2 f4 36. Rb4 c5 37. Ra4 Rd6 38. Bg4+ Kf6 39.
Ra5 Bb7 40. Rxc5 Bxg2 41. Rc7 h5 42. c5 Rc6 43. Rxc6+ Bxc6 44. Be2 Kf5 45. Bd3+ e4 46. Bc4 f3 47. Kd4 Kf4 48. Bd5 Bxd5 49. Kxd5 f2 50.
c6 f1=Q 51. c7 Qd3+ 52. Kc6 Qc4+ 53. Kd7 e3 54. c8=Q Qxc8+ 55. Kxc8 e2 56. Kb7 e1=Q 57. Kxa7 Qa5+ 58. Kb7 Qxa3 59. Kc7 Qh3 60. Kd8 Qxh2 61. Ke7 Qe2+ 62. Kf7 h4 63. Kg7 h3 64. Kh6 h2 65.
Kh7 h1=Q+ 66. Kg7 g5 67. Kg8 g4 68. Kf7 g3 69. Kf6 g2 70. Kf7 g1=Q 71. Kf8 Qh8+ 72. Kf7 Qgg7# 0-1

[Event "*** Titled Tuesday Blitz"]
[Site "Chess.com"]
[Date "2020.05.05"]
[Round "9"]
[White "Corpescador"]
[Black "HanSchut"]
[Result "1-0"]
[WhiteElo "2379"]
[BlackElo "2221"]
[TimeControl "180+1"]
[EndTime "11:49:08 PDT"]
[Termination "Corpescador won by resignation"]

1. e4 c5 2. Nf3 d6 3. d4 cxd4 4. Nxd4 Nf6 5. Nc3 a6 6. Be3 e5 7. Nb3 Be6 8. f3 Be7 9. Qd2 O-O 10. O-O-O Nbd7 11. Kb1 b5 12. g4 b4 13. Ne2 a5 14. g5 Ne8 15. f4 Bxb3 16. cxb3 a4 17.
bxa4 Rxa4 18. Nc1 Qa8 19. Qd5 exf4 20. Bxf4 Ne5 21. Bb5 Nc7 22. Qxa8 Raxa8 23. Be2 Ne6 24. Bxe5 dxe5 25. h4 Nd4 26. Bc4 Rac8 27. Bd5 g6 28. Nd3 Bd6 29. Rhf1 Kg7 30. Rf6 Be7 31. Nxe5 Ne6 32.
Bxe6 fxe6 33. Rxe6 Bc5 34. Nd3 Rf7 35. Rc1 Rfc7 36. Nxc5 Rxc5 37. Rxc5 Rxc5 38. b3 Rc3 39. Rb6 Rh3 40. Rxb4 Rxh4 41. a4 Rg4 42. Rb5 Rxe4 43. a5 h5 44. gxh6+ Kxh6 45. a6 Re7 46. Rb7 Re5 47.
a7 Ra5 48. b4 Ra4 49. Kb2 g5 50. Kb3 Ra1 51. b5 g4 52. Rb6+ Kh5 53. Ra6 Rc1 54.
a8=Q Rb1+ 55. Kc2 Rf1 56. Qh8+ Kg5 57. Qg7+ Kh4 58. Qh6+ Kg3 59. Qe3+ Rf3 60. Qe5+ Kg2 61. Rh6 g3 62. b6 Rf2+ 63. Kd3 Rf3+ 64. Ke4 Rf1 65.
Qf5 Rxf5 66. Kxf5 Kf2 67. Rg6 g2 68. Rxg2+ 1-0

[Event "*** Titled Tuesday Blitz"]
[Site "Chess.com"]
[Date "2020.05.05"]
[Round "9"]
[White "Olga_Zhuravleva"]
[Black "Nikithebest"]
[Result "0-1"]
[WhiteElo "2263"]
[BlackElo "2428"]
[TimeControl "180+1"]
[EndTime "11:49:09 PDT"]
[Termination "Nikithebest won on time"]

1. e4 c5 2. Nf3 d6 3. d4 cxd4 4.
Nxd4 Nf6 5. Nc3 g6 6. Be2 Bg7 7. O-O O-O 8. Re1 Nc6 9. Nb3 Be6 10. Bf1 d5 11. exd5 Nxd5 12. Nxd5 Qxd5 13. Qxd5 Bxd5 14.
c3 a5 15. Nc5 b6 16. Nd7 a4 17.
Nxf8 Kxf8 18. a3 Na5 19. Be3 Rb8 20. Rad1 e6 21. Bb5 Bb3 22. Rd7 Nc4 23. Bc1 Bf6 24.
h3 h5 25. Re4 Ne5 26. Bh6+ Kg8 27. Ra7 Bd5 28. Re1 g5 29. Bxg5 Bxg5 30. Rxe5 Bc1 31.
Re2 Rd8 32. Bxa4 Bc4 33. Re1 Bxb2 34. Bc2 Bxc3 35. Rb1 b5 36. Be4 Rd2 37. Bf3 Bd4 38. Ra8+ Kg7 39. Bxh5 Rxf2 40. Kh1 Bd5 41. Rb8 Bxg2+ 42.
Kh2 Be4+ 43. Kg3 Bxb1 44. Rxb5 Ra2 45. Rxb1 Rxa3+ 46. Kg2 Ra5 47. Bf3 Ra6 48. Kg3 f5 49. Rb7+ Kf6 50. Kf4 e5+ 51. Kg3 e4 52. Be2 Ra3+ 53.
Kg2 Ke5 54. Rb5+ Kf4 55. h4 Ra2 56. Kf1 Ke3 57. Bc4 Ra1+ 58. Kg2 f4 59. Rb3+ Kd2 60. Bd5 f3+ 61. Kg3 f2 62. Bc4 e3 63. Kf3 Bc3 0-1

[Event "*** Titled Tuesday Blitz"]
[Site "Chess.com"]
[Date "2020.05.05"]
[Round "9"]
[White "keepitcool9499"]
[Black "Misticpikachu"]
[Result "1-0"]
[WhiteElo "2470"]
[BlackElo "2308"]
[TimeControl "180+1"]
[EndTime "11:49:10 PDT"]
[Termination "keepitcool9499 won by checkmate"]

1. d4 d5 2. c4 e6 3. Nc3 Nf6 4. Nf3 Be7 5. e3 O-O 6. Bd3 dxc4 7.
Bxc4 b6 8. O-O Bb7 9. b3 Nbd7 10. Bb2 c5 11. Be2 Rc8 12. Rc1 cxd4 13. Qxd4 Nc5 14. Rfd1 Qxd4 15. Nxd4 Rfd8 16. Ncb5 a6 17. Nc3 Nce4 18.
Nxe4 Nxe4 19. f3 Nf6 20. Kf2 b5 21. e4 Bc5 22. Kf1 Bb6 23. Rxc8 Rxc8 24. a4 bxa4 25. bxa4 Rd8 26. Nb3 Rxd1+ 27. Bxd1 Bc6 28. Nd4 Be8 29. Ke2 Kf8 30. Bc3 Ke7 31. a5 Bc7 32. Bb3 Nd7 33. g3 Nc5 34. Bb4 Bd6 35. e5 Bxe5 36. Bxc5+ Bd6 37.
Bxd6+ Kxd6 38. Kd3 Kc5 39. f4 Kb4 40. Bc4 Kxa5 41. Nf3 Kb6 42. Ne5 f6 43. Nf3 Bd7 44.
Nd4 e5 45. fxe5 fxe5 46. Nf3 e4+ 47. Kxe4 Bc6+ 48. Ke3 a5 49. Ne5 Bg2 50. Bg8 h6 51.
Ba2 Kc5 52. Nd3+ Kd6 53. Nf4 Bh1 54. Nh5 g5 55. Nf6 a4 56. Ng4 a3 57. Nxh6 Bd5 58.
Nf5+ Ke5 59. Bxd5 Kxd5 60. Nd4 Kc4 61. Nc2 Kb3 62. Kd2 Kb2 63. h4 gxh4 64. gxh4 a2 65. h5 Kb1 66. h6 Kb2 67. h7 Kb1 68. h8=Q a1=Q 69. Qxa1# 1-0

[Event "*** Titled Tuesday Blitz"]
[Site "Chess.com"]
[Date "2020.05.05"]
[Round "9"]
[White "regular_legs"]
[Black "Gordima"]
[Result "1/2-1/2"]
[WhiteElo "2619"]
[BlackElo "2781"]
[TimeControl "180+1"]
[EndTime "11:49:11 PDT"]
[Termination "Game drawn by repetition"]

1. d4 d5 2. c4 e6 3. Nc3 Bb4 4. Nf3 Nf6 5. Bg5 h6 6. Bxf6 Qxf6 7. Qb3 c5 8. cxd5 exd5 9. a3 Bxc3+ 10. Qxc3 b6 11.
dxc5 Qxc3+ 12. bxc3 bxc5 13. e3 Be6 14. Rb1 Nd7 15. Bb5 Ke7 16. Bxd7 Bxd7 17. Kd2 Rab8 18. Ne5 Ba4 19. c4 dxc4 20. Nxc4 Rbd8+ 21. Kc3 Rd7 22. Ne5 Rc7 23. Rb2 Ke6 24. Nc4 Rd8 25. Rd2 Rxd2 26. Nxd2 Rb7 27. f3 Bc6 28. Rc1 f5 29. Nb3 Kd6 30. Rd1+ Bd5 31. Na5 Rb5 32. e4 fxe4 33.
fxe4 Rxa5 34. Rxd5+ Kc6 35. Kb3 Rb5+ 36. Kc3 Rb1 37. Rf5 a5 38. Rf3 a4 39. Rg3 g5 40.
Rf3 Kb5 41. Re3 Rb3+ 42. Kd2 Rxe3 43. Kxe3 Kc4 44. g4 Kb3 45. e5 c4 46. e6 c3 47. e7 c2 48. e8=Q c1=Q+ 49. Kf2 Qf4+ 50.
Ke1 Qxg4 51. Qe3+ Ka2 52. h3 Qc4 53. Kf2 Kb2 54. Qe7 Qc2+ 55. Kg3 Qb3+ 56. Kg4 Qxa3 57. Qe2+ Kb3 58. Qd3+ Ka2 59. Qc2+ Ka1 60. Qd1+ Kb2 61. Qd2+ Kb3 62. Qd3+ Kb4 63. Qd6+ Kb3 64. Qd3+ 1/2-1/2